 Dungeon Crawl Stone Soup version 0.27-a0-585-g945025970d (webtiles) character file.

Game seed: 4669475300648185449

5733 ReteAZ the Fighter (level 10, 0/74 HPs)
             Began as a Demonspawn Ice Elementalist on Mar 10, 2021.
             Was a Priest of Hepliaklqana.
             Slain by a wight
             ... wielding a +2 battleaxe of venom
              (9 damage)
             ... on level 9 of the Dungeon.
             The game lasted 00:19:00 (9404 turns).

ReteAZ the Fighter (Demonspawn Ice Elementalist)    Turns: 9404, Time: 00:19:00

Health: 0/74       AC: 14    Str: 10    XL:     10   Next: 48%
Magic:  17/17      EV: 13    Int: 17    God:    Hepliaklqana [***...]
Gold:   1716       SH:  0    Dex: 13    Spells: 15/19 levels left

rFire    . . .     SeeInvis .   S - +4 scimitar (flame)
rCold    . . .     Faith    .   (no shield)
rNeg     . . .     Spirit   .   M - +0 swamp dragon scales
rPois    +         Reflect  .   (helmet unavailable)
rElec    .         Harm     .   D - +0 cloak
rCorr    .         Rampage  .   (no gloves)
Will     ++...                  (no boots)
Stlth    +.........             F - amulet of regeneration
HPRegen  1.22/turn              B - ring of willpower
MPRegen  0.30/turn              m - +4 ring of protection

@: lethally poisoned (0 -> -6)
A: reduced essence, horns 3, molten scales 1, dopey 1, strong-willed 1, wild
magic 1, magic regeneration
a: Renounce Religion, Recall Ancestor, Ancestor Identity, Transference


You were on level 9 of the Dungeon.
You worshipped Hepliaklqana.
Hepliaklqana was most pleased with you.
You visited 1 branch of the dungeon, and saw 9 of its levels.
You also visited: Ossuary and Bailey.

You collected 1716 gold pieces.

Inventory:

Hand Weapons
 b - a +0 club
 d - a +0 whip
 f - a +0 short sword
 l - a +1 dagger of draining
 x - a +0 rapier
 z - a +0 hand axe of pain
 L - a +0 broad axe of draining
 R - a +1 scimitar of flaming
 S - a +4 scimitar of flaming (weapon)
Missiles
 w - 13 poisoned darts
Armour
 a - a +0 robe
 k - a +0 ring mail
 t - a +0 crystal plate armour
 D - a +0 cloak (worn)
 M - +0 swamp dragon scales (worn)
 T - a +2 leather armour of cold resistance
Jewellery
 m - a +4 ring of protection (right hand)
 r - an amulet of guardian spirit
 B - a ring of willpower (left hand)
 F - an amulet of regeneration (around neck)
Wands
 s - a wand of polymorph (23)
 A - a wand of iceblast (20)
 G - a wand of paralysis (10)
Scrolls
 g - 11 scrolls of identify {unknown}
 h - a scroll of fear {unknown}
 j - a scroll of immolation {unknown}
 p - 2 scrolls of amnesia {unknown}
 q - 6 scrolls of enchant weapon {unknown}
 v - a scroll of blinking {unknown}
 y - 8 scrolls of teleportation {unknown}
 H - a scroll of random uselessness {unknown}
 Q - a scroll of fog {unknown}
Potions
 c - 3 potions of mutation
 e - a potion of flight {unknown}
 i - a potion of magic {unknown}
 n - 3 potions of degeneration {unknown}
 o - a potion of cancellation {unknown}
 u - 3 potions of invisibility {unknown}
 C - 2 potions of heal wounds {unknown}
 E - 2 potions of brilliance {unknown}
 I - a potion of attraction {unknown}
 J - 3 potions of lignification {unknown}
 K - 3 potions of curing {unknown}
 N - 3 potions of resistance {unknown}
 O - 2 potions of haste {unknown}
 P - 2 potions of ambrosia {unknown}
 U - a potion of berserk rage {unknown}


   Skills:
 + Level 9.5 Fighting
 - Level 9.0 Dodging
 - Level 2.0 Stealth
 - Level 5.0 Spellcasting
 - Level 7.0 Ice Magic


You had 15 spell levels left.
You knew the following spells:

 Your Spells              Type           Power      Damage    Failure   Level
a - Freeze                Ice            100%       1d11      3%          1
b - Frozen Ramparts       Ice            72%        1d9       10%         3

Your spell library contained the following spells:

 Spells                   Type           Power      Damage    Failure   Level
 Ozocubu's Armour         Ice            36%        N/A       10%         3
 Beastly Appendage        Tmut           10%        N/A       45%         1
 Wereblood                Tmut           5%         N/A       58%         2
 Hailstorm                Conj/Ice       21%        3d6       73%         4
 Ice Form                 Ice/Tmut       21%        N/A       73%         4
 Summon Ice Beast         Ice/Summ       21%        N/A       73%         4
 Spider Form              Tmut/Pois      2%         N/A       80%         3
 Blade Hands              Tmut           2%         N/A       100%        5


Dungeon Overview and Level Annotations

Branches:
Dungeon (9/15)             Temple (0/1) D:7            Lair (0/6) D:8
Ossuary (visited)          Bailey (visited)
    Orc: D:9-12

Altars:
Cheibriados
Elyvilon
Fedhas
Hepliaklqana
Kikubaaqudgha
Makhleb
Nemelex Xobeh
Qazlal
Sif Muna
Trog
Vehumet
Wu Jian


Innate Abilities, Weirdness & Mutations

You have a pair of large horns on your head.
You are partially covered in molten scales. (AC +2)
You regenerate magic rapidly.
Your life essence is reduced to manifest your ancestor. (-10% HP)
You are dopey. (Int -2)
You are strong-willed. (Will+)
Your spells are a little harder to cast, but a little more powerful.


Message History

You barely miss the wolf. Your headbutt misses the wolf.
The wolf is severely wounded.
The frozen ramparts melt away.
You feel very sick. The wolf bites you.
* * * LOW HITPOINT WARNING * * *
The wolf barely misses you. The wight barely misses you.
The wolf bites you but does no damage. The wolf misses you.
You riposte.
You barely miss the wolf. You headbutt the wolf.
The wolf is almost dead.
The wolf bites you but does no damage. The wight hits you but does no damage.
You completely miss the wolf.
The wolf is almost dead.
You feel sick. The wolf closely misses you.
You riposte.
You barely miss the wolf.
The wolf is almost dead.
The wolf misses you.
You riposte.
You hit the wolf. You burn the wolf.
The wolf is severely wounded.
The wolf closely misses you.
You riposte.
You slash the wolf! You burn the wolf.
You kill the wolf!
The wolf bites you but does no damage. The wight misses you.
Training target 9.0 for Dodging reached!
Your Dodging skill increases to level 9!
You slash the wolf! You burn the wolf.
You kill the wolf!
You feel very sick. The wight hits you but does no damage.
You hit the wight. You burn the wight.
The wight is heavily damaged.
You feel sick.
The wight hits you with a +2 battleaxe of venom!
* * * LOW HITPOINT WARNING * * *
You are more poisoned.
It was a potion of mutation.
You feel extremely strange.
You feel strong-willed.
You feel stupid.
You feel less in control of your magic.
You feel very sick.
The wight hits you with a +2 battleaxe of venom!
You die...

##...##
#.....#
#.....#
#.....#
#.....#
#))†?#
##..).###
#†z.<...+
#@†.....#
#)).....#
##).<..##
#.....#
........
#.........
#.........
.....##


You could see a wight.

Vanquished Creatures
  Erica (D:8)
  Maggie (D:6)
  A komodo dragon (D:8)
  A yak (D:8)
  Eustachio (D:3)
  Grum (D:9)
  A black bear (D:6)
  7 orc warriors
  A sky beast (D:6)
  An ice beast (D:6)
  An ogre (D:4)
  3 wolves (D:9)
  2 centaurs
  3 phantoms
  2 bullfrogs (D:8)
  3 water moccasin zombies (Ossuary)
  A wyvern skeleton (D:8)
  3 scorpions
  4 killer bees
  4 wights (D:9)
  2 howler monkeys (D:7)
  A bullfrog skeleton (D:5)
  A human zombie (D:7)
  Crazy Yiuf (D:6)
  3 orc priests (D:7)
  2 hounds
  An iguana (D:4)
  7 orc wizards
  3 worker ants
  A hound skeleton (D:7)
  A mummy (Ossuary)
  10 adders
  2 gnolls (Bailey)
  A white imp (D:5)
  2 ufetubi (D:7)
  6 adder zombies (Ossuary)
  3 adder skeletons
  A worm (D:5)
  6 dart slugs
  5 leopard geckos
  30 orcs
  10 bats
  12 giant cockroaches
  A gnoll zombie (Ossuary)
  12 goblins
  11 hobgoblins
  29 jackals
  3 quokkas
  4 ball pythons
  4 frilled lizards
  3 hobgoblin zombies (Ossuary)
  25 kobolds
  2 kobold zombies (Ossuary)
  3 orc skeletons (D:7)
  2 orc zombies (Ossuary)
  2 quokka skeletons (D:5)
  A quokka zombie (D:6)
  2 rats
257 creatures vanquished.

Vanquished Creatures (collateral kills)
  A wolf (D:9)
  2 bullfrogs (D:7)
  An elf skeleton (D:7)
  A water moccasin zombie (Ossuary)
  A killer bee (D:3)
  A howler monkey (D:7)
  A bullfrog zombie (D:7)
  3 hounds
  A jelly (D:5)
  2 orc wizards
  A worker ant (D:6)
  A mummy (Ossuary)
  An adder (D:6)
  An ooze (D:5)
  2 adder zombies (Ossuary)
  A worm (D:5)
  2 orcs
  A quokka (D:8)
  A frilled lizard (D:5)
  A jackal skeleton (D:5)
  5 kobold zombies (Ossuary)
  An orc skeleton (D:7)
32 creatures vanquished.

Vanquished Creatures (others)
  2 hexers
  2 ancestors (D:4)
  3 fungi (D:8)
  25 plants
32 creatures vanquished.

Grand Total: 321 creatures vanquished

Notes
Turn   | Place    | Note
-------+----------+-------------------------------------------
     0 | D:1      | ReteAZ the Demonspawn Ice Elementalist began the quest for
                  | the Orb.
     0 | D:1      | Reached XP level 1. HP: 13/13 MP: 3/3
   278 | D:1      | Gained mutation: You are partially covered in molten
                  | scales. (AC +2) [demonic ancestry]
   278 | D:1      | Reached XP level 2. HP: 19/19 MP: 3/5
   943 | D:1      | Reached XP level 3. HP: 24/24 MP: 6/6
  1277 | D:2      | Found a burning altar of Makhleb.
  1581 | D:2      | Gained mutation: You have a pair of small horns on your
                  | head. [demonic ancestry]
  1581 | D:2      | Reached XP level 4. HP: 27/30 MP: 8/8
  2319 | D:3      | Reached skill level 5 in Ice Magic
  2358 | D:3      | Gained mutation: You regenerate magic rapidly. [demonic
                  | ancestry]
  2358 | D:3      | Reached XP level 5. HP: 33/35 MP: 5/9
  2917 | D:3      | Found a hazy altar of Hepliaklqana.
  2958 | D:3      | Became a worshipper of Hepliaklqana the Forgotten
  3190 | D:3      | Learned a level 3 spell: Frozen Ramparts
  3195 | D:4      | Noticed a phantom
  3220 | D:4      | Noticed an ogre
  3781 | D:4      | Noticed Eustachio
  3807 | D:3      | Killed Eustachio
  3808 | D:3      | Reached XP level 6. HP: 21/36 MP: 3/11
  4268 | D:4      | Gained mutation: You have a pair of horns on your head.
                  | [demonic ancestry]
  4268 | D:4      | Reached XP level 7. HP: 36/41 MP: 8/13
  4316 | D:4      | Found an ancient bone altar of Kikubaaqudgha.
  4748 | D:4      | Found a shimmering blue altar of Sif Muna.
  4858 | D:4      | Reached skill level 1 in Fighting
  5185 | D:5      | Entered Level 5 of the Dungeon
  5382 | D:5      | Reached * piety under Hepliaklqana
  5385 | D:5      | Found a sparkling altar of Nemelex Xobeh.
  5528 | D:5      | Reached skill level 5 in Spellcasting
  5720 | D:5      | Found a stormy altar of Qazlal.
  5781 | D:5      | Found a bloodstained altar of Trog.
  5786 | D:5      | Found a snail-covered altar of Cheibriados.
  5814 | D:5      | Reached XP level 8. HP: 46/51 MP: 12/15
  6377 | D:6      | Found a runed translucent door.
  6378 | D:6      | Noticed Crazy Yiuf
  6460 | D:6      | Found an ornate altar of the Wu Jian Council.
  6505 | D:6      | Found a radiant altar of Vehumet.
  6650 | D:6      | Reached ** piety under Hepliaklqana
  6651 | D:6      | Remembered your ancestor Nammahani as a hexer
  6788 | D:6      | Noticed Maggie
  6799 | D:6      | Killed Maggie
  6800 | D:6      | Reached skill level 5 in Fighting
  6800 | D:6      | Reached skill level 5 in Dodging
  7049 | D:6      | Found a blossoming altar of Fedhas.
  7107 | D:6      | Killed Crazy Yiuf
  7204 | D:7      | Gained mutation: You have a pair of large horns on your
                  | head. [demonic ancestry]
  7204 | D:7      | Reached XP level 9. HP: 60/61 MP: 13/16
  7503 | D:7      | Found a sand-covered staircase.
  7508 | Ossuary  | Entered an ossuary
  8233 | D:7      | Found a staircase to the Ecumenical Temple.
  8569 | D:8      | Reached *** piety under Hepliaklqana
  8587 | D:8      | Noticed Erica
  8601 | D:8      | Killed Erica
  8748 | D:8      | Found a flagged portal.
  8765 | Bailey   | Entered a bailey
  8800 | Bailey   | Reached XP level 10. HP: 72/72 MP: 9/17
  9036 | D:8      | Found a staircase to the Lair.
  9386 | D:9      | Noticed Grum
  9398 | D:9      | Killed Grum
  9404 | D:9      | Gained mutation: You are strong-willed. (Will+) [potion of
                  | mutation]
  9404 | D:9      | Gained mutation: You are dopey. (Int -2) [potion of
                  | mutation]
  9404 | D:9      | Gained mutation: Your spells are a little harder to cast,
                  | but a little more powerful. [potion of mutation]
  9404 | D:9      | Slain by a wight

Illustrated notes

Levels and vault maps discovered:
D:1:      saegor_arrival_miasma, layout_loops_cross
D:2:      layout_basic, nicolae_overflow_hidden_temple,
          nicolae_elyvilon_temple_path, nicolae_overflow_crystal_walls
D:3:      layout_basic, nicolae_hepliaklqana_hazy_memory, minmay_goblin_outpost
D:4:      layout_cave_pools, lemuel_round_altar, kennysheep_mini,
          chequers_serial_rivers_room_b, uniq_eustachio
D:5:      layout_cave_pods, grunt_temple_overflow_open,
          nemelex_xobeh_ov_fountains_minmay, marbit_many_paths
D:6:      layout_loops_ring, nicolae_vehumet_altar_sigil,
          nzn_wu_jian_council_hall, fedhas_altar_decomposition, uniq_maggie,
          uniq_crazy_yiuf_cottage
D:7:      layout_layer_cave, minmay_temple_entry_from_below_b,
          nicolae_ossuary_entry_catacombs, dk_noncrumbling_2
D:8:      layout_layer_cave, grunt_lair_entry_orc_guard_hut, enter_bailey_2,
          uniq_erica
D:9:      kennysheep_orc_sif_temple, layout_gridville, minivault_14, uniq_grum

Skill      XL: |  1  2  3  4  5  6  7  8  9 10 |
---------------+-------------------------------+-----
Dodging        | 2 3 5 7 9 |  9.0
Stealth        | 2 |  2.0
Ice Magic      | 4 5 6 7 |  7.0
Spellcasting   | 3 4 5 |  5.0
Fighting       | 2 5 8 9 |  9.5

Action                   |  1- 3 |  4- 6 |  7- 9 | 10-12 || total
-------------------------+-------+-------+-------+-------++-------
Melee: Short sword       |    18 |       |       |       ||    18
       Whip              |     9 |       |       |       ||     9
       Dagger            |    11 |    69 |     4 |       ||    84
       Headbutt          |       |     9 |    60 |    17 ||    86
       Hand axe          |       |       |   296 |    25 ||   321
       Scimitar          |       |       |       |    48 ||    48
Throw: Dart              |       |       |     1 |       ||     1
 Cast: Freeze            |    57 |   112 |    91 |     6 ||   266
       Frozen Ramparts   |       |       |    26 |     9 ||    35
Invok: Recall Ancestor   |       |     1 |       |       ||     1
       Ancestor Life: He |       |       |     1 |       ||     1
  Use: Potion            |       |       |       |     1 ||     1
 Stab: Sleeping          |       |     1 |     3 |       ||     4
       Distracted        |       |       |     6 |       ||     6
       Confused          |       |       |     4 |       ||     4
Armor: Robe              |    10 |       |       |       ||    10
       Ring mail         |    22 |    82 |    80 |       ||   184
       Swamp dragon scal |       |       |   120 |    49 ||   169
Dodge: Dodged            |    51 |   138 |   248 |    80 ||   517
       Rpst.: Scimitar   |       |       |       |    19 ||    19

Table legend: (Time is in decaauts)
 A = Elapsed time spent in this place.
 B = Non-inter-level travel time spent in this place.
 C = Inter-level travel time spent in this place.
 D = Time resting spent in this place.
 E = Time spent auto-exploring this place.
 F = Levels seen in this place.
 G = Mean time per level.
                   A        B        C        D        E       F      G
               +--------+--------+--------+--------+--------+-----+--------+
         Total |   9525 |   9202 |    323 |    886 |   6229 |  11 |  865.9 |
       Dungeon |   9123 |   8800 |    323 |    886 |   6181 |   9 | 1013.7 |
       Ossuary |    234 |    234 |      0 |      0 |     48 |   1 |  234.0 |
        Bailey |    166 |    166 |      0 |      0 |      0 |   1 |  166.0 |
               +--------+--------+--------+--------+--------+-----+--------+

Top non-repeatable levels by time:
     D:3: 2029 daAuts
     D:7: 1212 daAuts
     D:1: 1153 daAuts
     D:4: 1068 daAuts
     D:5: 1062 daAuts
     D:6: 959 daAuts
     D:2: 941 daAuts
     D:8: 656 daAuts
 Ossuary: 234 daAuts
  Bailey: 166 daAuts
     D:9: 41 daAuts
